 Dungeon Crawl Stone Soup version 0.21-a0-221-gfe971b9 (webtiles) character file.

60 tehllama the Insei (level 4, -3/28 HPs)
             Began as an Octopode Transmuter on Aug 26, 2017.
             Slain by a gnoll
             ... wielding a +0 halberd
              (10 damage)
             ... on level 2 of the Dungeon.
             The game lasted 00:01:46 (1099 turns).

tehllama the Insei (Octopode Transmuter)            Turns: 1099, Time: 00:01:47

Health: -3/28      AC:  1    Str: 10    XL:     4   Next: 6%
Magic:  6/7        EV: 13    Int: 15    God:
Gold:   67         SH:  0    Dex: 12    Spells: 6/7 levels left

rFire    . . .     SeeInvis .     - Unarmed
rCold    . . .     Gourm    .   (no shield)
rNeg     . . .     Faith    .   (helmet restricted)
rPois    .         Spirit   .   (no amulet)
rElec    .         Reflect  .   (no ring)
rCorr    .         Harm     .   (no ring)
MR       .....                  (no ring)
Stlth    +++.......             (no ring)
HPRegen  0.09/turn              (no ring)
MPRegen  0.10/turn              (no ring)
                                (no ring)
                                (no ring)

@: appendage (expiring)
A: almost no armour, stealthy swim, amphibious, 8 rings, constrict 8, tentacle
spike 3, camouflage 1, gelatinous body 1
a: End Transformation


You were on level 2 of the Dungeon.
You were hungry.
One of your tentacles had a temporary spike.
You visited 1 branch of the dungeon, and saw 2 of its levels.

You collected 67 gold pieces.

Inventory:

Missiles
 a - 31 arrows
Scrolls
 e - 2 scrolls of remove curse {unknown}
 f - 3 scrolls of fear {unknown}
 i - a scroll of amnesia {unknown}
 k - a scroll of recharging {unknown}
 l - a scroll of blinking {unknown}
 m - a scroll of identify {unknown}
 o - a scroll of random uselessness {unknown}
Potions
 d - 2 potions of degeneration {unknown}
 g - a potion of ambrosia {unknown}
 h - a potion of curing {unknown}
 j - 3 potions of might {unknown}
Books
 b - a book of Changes

   Spells                             Type                      Level
   a - Beastly Appendage              Transmutation                1
   b - Sticks to Snakes               Transmutation                2
   c - Spider Form                    Transmutation/Poison         3
   d - Ice Form                       Ice/Transmutation            4
   e - Blade Hands                    Transmutation                5
Comestibles
 c - 2 bread rations
 n - a meat ration


   Skills:
 - Level 1.0 Fighting
 - Level 2.0 Dodging
 + Level 1.7 Stealth
 + Level 4.5 Unarmed Combat
 - Level 2.0 Spellcasting
 - Level 2.0 Transmutations


You had 6 spell levels left.
You knew the following spells:

 Your Spells              Type           Power        Failure   Level  Hunger
a - Beastly Appendage     Tmut           #.....       10%         1    #......


Dungeon Overview and Level Annotations

Branches:
Dungeon (2/15)

Altars:
The Shining One


Innate Abilities, Weirdness & Mutations

You cannot wear most types of armour.
You are very stealthy in the water. (Stealth+)
You are amphibious.
You can wear up to eight rings at the same time.
You can use your tentacles to constrict eight enemies at once.
Your skin changes colour to match your surroundings (Stealth+).
Your rubbery body absorbs attacks. (AC +1, EV +1)
One of your tentacles bears a large vicious spike.


Message History

You barely miss the jackal. Your grab misses the jackal.
Your tentacle spike misses the jackal.
The jackal bites you. x2
You barely miss the jackal. You grab the jackal. You constrict the jackal.
The jackal closely misses you.
You tentacle-slap the jackal but do no damage.
The jackal is lightly wounded.
You constrict the jackal, but do no damage.
The jackal barely misses you.
You bludgeon the jackal!
You kill the jackal!
The gnoll hits you from afar with a halberd!
* * * LOW HITPOINT WARNING * * *
You barely miss the kobold. You grab the kobold.
You pierce the kobold.
You kill the kobold!
Your transformation is almost over.
The rat barely misses you.
You tentacle-slap the rat.
You kill the rat!
The gnoll hits you from afar with a halberd!
You die...

......r....)K.....
#.######.##..g.g.
###†.....#.## ..... #
#.....##....# ####### #
#.###.##....# #<# #
#.#.#.#...g.# ######'### #
####.#...#.##g## #.......[###
..#.....#.##†# #...........
#.####..#..@.####...........
##†####..#######.............
#........#######.###.........
########.#...................
#.#.#........#####....
#............# ###..
###.#.)......# #).
#.#........# #.. #.#........#
###


You could see 2 gnolls.

Vanquished Creatures
  2 adders (D:2)
  A worm (D:2)
  3 dart slugs
  A giant cockroach (D:1)
  6 goblins
  2 hobgoblins
  4 jackals (D:2)
  7 kobolds
  A ball python (D:2)
  2 bats (D:1)
  4 rats
33 creatures vanquished.

Vanquished Creatures (others)
  A kobold (D:1)
1 creature vanquished.

Grand Total: 34 creatures vanquished

Notes
Turn   | Place    | Note
-------+----------+-------------------------------------------
     0 | D:1      | tehllama the Octopode Transmuter began the quest for the Orb.
     0 | D:1      | Reached XP level 1. HP: 13/13 MP: 3/3
    68 | D:1      | Reached XP level 2. HP: 17/18 MP: 5/5
   511 | D:1      | Reached skill level 4 in Unarmed Combat
   667 | D:2      | Reached XP level 3. HP: 15/23 MP: 6/6
   883 | D:2      | Reached skill level 1 in Stealth
   897 | D:2      | Found a glowing golden altar of the Shining One.
  1083 | D:2      | Reached XP level 4. HP: 24/28 MP: 7/7
  1099 | D:2      | Slain by a gnoll

Vault maps used:
D:1:      saegor_arrival_miasma
D:2:      tso_oasis_becter, first_bread

Skill      XL: |  1  2  3 |
---------------+----------+-----
Unarmed Combat | 4 |  4.5
Stealth        | 1 |  1.7
Fighting       | |  1.0
Dodging        | |  2.0
Spellcasting   | |  2.0
Transmutations | |  2.0

Action                   |  1- 3 |  4- 6 || total
-------------------------+-------+-------++-------
Melee: Unarmed           |    65 |     6 ||    71
       Constrict         |    20 |     2 ||    22
       Tentacles         |    18 |       ||    18
       Punch             |     4 |       ||     4
       Kick              |       |     1 ||     1
 Cast: Beastly Appendage |       |     1 ||     1
 Stab: Sleeping          |    11 |       ||    11
       Distracted        |     1 |       ||     1
Armor: Skin              |     1 |     1 ||     2
Dodge: Dodged            |    32 |     6 ||    38

Table legend:
 A = Spawn XP
 B = Non-spawn XP
 C = Spawn XP percentage of total XP
 D = Spawn monster count
 E = Non-spawn monster count
 F = Spawn count percentage of total count
 G = Total turns spent on level
                    A         B        C        D         E        F      G
               +---------+---------+-------+---------+---------+-------+---------
         Total |       4 |      83 |   4.6 |       3 |      30 |   9.1 |  1099
               +---------+---------+-------+---------+---------+-------+---------
           D:1 |       1 |      30 |   3.2 |       1 |      15 |   6.2 |   656
           D:2 |       3 |      53 |   5.4 |       2 |      15 |  11.8 |   443
               +---------+---------+-------+---------+---------+-------+---------
